 Dungeon Crawl Stone Soup version 0.24-a0-545-gd1b266bae6 (webtiles) character file.

535236 Somebody the Spry (level 25, -15/199 HPs)
             Began as a Gnoll Wanderer on Jan 23, 2019.
             Was the Champion of Okawaru.
             Demolished by an Orb Guardian (30 damage)
             ... on level 5 of the Realm of Zot on Aug 18, 2019.
             The game lasted 03:51:47 (42437 turns).

Somebody the Spry (Gnoll Wanderer)                 Turns: 42437, Time: 03:51:48

Health: -15/199    AC: 35    Str: 19    XL:     25   Next: 78%
Magic:  19/43      EV: 30    Int: 28    God:    Okawaru [******]
Gold:   2901       SH: 18    Dex: 24    Spells: 11/56 levels left

rFire    + + +     SeeInvis .   a - +6 double sword "Meafier" {venom, rPois rC+ rN+ Stlth+}
rCold    . . .     Gourm    .   T - +1 shield {AC+3}
rNeg     + . .     Faith    .   j - +3 fire dragon scales
rPois    +         Spirit   .   k - +0 helmet of Rotation {rElec Int+3 Dex+3}
rElec    +         Reflect  .   y - +2 cloak {+Inv}
rCorr    .         Harm     .   o - +0 pair of gloves of the Blizzard {*Contam rF+ Dex+5}
MR       +....                  x - +2 pair of boots
Stlth    ++++++++..             J - amulet of regeneration
HPRegen  1.23/turn              W - ring of wizardry
MPRegen  0.28/turn              S - +6 ring of intelligence

@: heroism, marked, studying Dodging, deflect missiles
A: distributed training, fangs 1, hooves 1, icy blue scales 1, dopey 1,
regeneration 1, screaming 1, strong nose
}: 3/15 runes: barnacled, silver, gossamer
a: Heroism, Finesse, Renounce Religion, Evoke Invisibility


You were on level 5 of the Realm of Zot.
You worshipped Okawaru.
Okawaru was exalted by your worship.
You were not hungry.

You visited 9 branches of the dungeon, and saw 47 of its levels.
You also visited: Bailey, Gauntlet and Ice Cave.

You collected 8647 gold pieces.
You spent 5746 gold pieces at shops.

Inventory:

Hand Weapons
 a - the +6 double sword "Meafier" (weapon) {venom, rPois rC+ rN+ Stlth+}
   (You bought it in a shop on level 1 of the Vaults)

   It poisons the flesh of those it strikes.
   It protects you from cold.
   It protects you from poison.
   It protects you from negative energy.
   It makes you more stealthy.
 H - the +8 broad axe "Biunluapt" {holy, Str+2}
   (Okawaru gifted it to you on level 1 of the Lair of Beasts)

   It has been blessed by the Shining One to cause great damage to the undead
   and demons.
   It affects your strength (+2).
Missiles
 P - 7 javelins
 U - 7 throwing nets (quivered)
Armour
 j - +3 fire dragon scales (worn)
 k - the +0 helmet of Rotation (worn) {rElec Int+3 Dex+3}
   (Okawaru gifted it to you on level 6 of the Lair of Beasts)

   It affects your intelligence (+3).
   It affects your dexterity (+3).
   It insulates you from electricity.
 o - the +0 pair of gloves of the Blizzard (worn) {*Contam rF+ Dex+5}
   (You found it on level 4 of the Depths)

   It affects your dexterity (+5).
   It protects you from fire.
   It causes magical contamination when unequipped.
 x - a +2 pair of boots (worn)
 y - a +2 cloak of invisibility (worn)
 T - a +1 shield of protection (worn)
Magical Staves
 b - an uncursed staff of wizardry
 z - an uncursed staff of conjuration
Jewellery
 n - an uncursed ring of resist corrosion
 I - the ring of Revuupt {+Inv rF+ Str+3 Dex+4}
   (You found it on level 1 of the Lair of Beasts)

   [ring of protection from fire]

   It affects your strength (+3).
   It affects your dexterity (+4).
   It protects you from fire.
   It lets you turn invisible.
 J - an amulet of regeneration (around neck)
 O - an uncursed ring of see invisible
 S - a +6 ring of intelligence (right hand)
 W - a ring of wizardry (left hand)
Wands
 d - a wand of clouds (3)
 q - a wand of iceblast (14)
 u - a wand of paralysis (14)
 D - a wand of digging (2)
 N - a wand of acid (31)
Scrolls
 f - 3 scrolls of fog
 s - 2 scrolls of silence
 t - 2 scrolls of teleportation
 w - 8 scrolls of identify
 B - a scroll of blinking
 C - 3 scrolls of amnesia
 F - a scroll of fear
 K - 3 scrolls of immolation
 M - a scroll of magic mapping
 V - 16 scrolls of remove curse
Potions
 c - 15 potions of curing
 e - 3 potions of haste
 h - a potion of heal wounds
 i - 2 potions of invisibility
 E - 3 potions of agility
 G - 5 potions of brilliance
 L - 12 potions of flight
 R - 4 potions of resistance
 Y - a potion of might
 Z - 2 potions of berserk rage
Books
 m - a manual of Dodging
Miscellaneous
 g - a fan of gales
 l - a lamp of fire
 p - a phial of floods
 r - 4 phantom mirrors
 v - a lightning rod (4/4)
 X - 5 sacks of spiders
Comestibles
 Q - 33 rations


   Skills:
 + Level 16.7(21.7) Fighting
 + Level 16.2(21.2) Short Blades
 + Level 16.7(21.7) Long Blades
 + Level 16.2(21.2) Axes
 + Level 16.2(21.2) Maces & Flails
 + Level 16.2(21.2) Polearms
 + Level 16.2(21.2) Staves
 + Level 16.2(21.2) Slings
 + Level 16.2(21.2) Bows
 + Level 16.2(21.2) Crossbows
 + Level 16.2(21.2) Throwing
 + Level 16.2(21.2) Armour
 + Level 18.3(23.3) Dodging
 + Level 16.4(21.4) Stealth
 + Level 16.2(21.2) Shields
 + Level 16.2(21.2) Unarmed Combat
 + Level 16.2 Spellcasting
 + Level 14.0 Conjurations
 + Level 14.0 Hexes
 + Level 14.0 Charms
 + Level 14.0 Summonings
 + Level 14.1 Necromancy
 + Level 14.0 Translocations
 + Level 14.0 Transmutations
 + Level 14.0 Fire Magic
 + Level 14.0 Ice Magic
 + Level 14.4 Air Magic
 + Level 14.0 Earth Magic
 + Level 14.0 Poison Magic
 + Level 17.5 Invocations
 + Level 16.4 Evocations


You had 11 spell levels left.
You knew the following spells:

 Your Spells              Type           Power        Failure   Level  Hunger
a - Poison Arrow          Conj/Pois      #######...   1%          6    ###....
b - Summon Butterflies    Summ           #######.     0%          1    None
d - Dispel Undead         Necr           #######.     1%          5    None
e - Regeneration          Chrm/Necr      #######...   1%          3    None
f - Freezing Cloud        Conj/Ice/Air   #######...   1%          6    ###....
g - Spellforged Servitor  Conj/Summ      #######...   4%          7    #####..
m - Deflect Missiles      Chrm/Air       #######...   1%          6    ###....
p - Apportation           Tloc           ######       0%          1    None
u - Sublimation of Blood  Necr           #######...   0%          2    None
v - Summon Mana Viper     Hex/Summ       #######.     1%          5    None
w - Spectral Weapon       Hex/Chrm       #######.     1%          3    None

Your spell library contained the following spells:

 Spells                   Type           Power        Failure   Level  Hunger
 Corona                   Hex            #######      0%          1    None
 Freeze                   Ice            ####         0%          1    None
 Infusion                 Chrm           ####         0%          1    None
 Magic Dart               Conj           ####         0%          1    None
 Pain                     Necr           ####         0%          1    None
 Sandblast                Erth           ######       0%          1    None
 Shock                    Conj/Air       ####         0%          1    None
 Summon Small Mammal      Summ           ####         0%          1    None
 Call Imp                 Summ           #######.     0%          2    None
 Corpse Rot               Necr           N/A          0%          2    None
 Passwall                 Tmut/Erth      #######.     0%          2    None
 Poisonous Vapours        Pois/Air       ######       0%          2    None
 Searing Ray              Conj           ######       0%          2    None
 Shroud of Golubria       Chrm/Tloc      ######       0%          2    None
 Slow                     Hex            #######.     0%          2    None
 Song of Slaying          Chrm           #######.     0%          2    None
 Throw Frost              Conj/Ice       ######       0%          2    None
 Call Canine Familiar     Summ           #######.     1%          3    None
 Conjure Flame            Conj/Fire      #######.     1%          3    None
 Dazzling Spray           Conj/Hex       ######       1%          3    None
 Ignite Poison            Fire/Tmut/Pois #######.     1%          3    None
 Inner Flame              Hex/Fire       #######.     1%          3    None
 Lesser Beckoning         Tloc           #######...   1%          3    None
 Mephitic Cloud           Conj/Pois/Air  #######.     1%          3    None
 Ozocubu's Armour         Chrm/Ice       #######.     1%          3    None
 Portal Projectile        Hex/Tloc       ######       1%          3    None
 Static Discharge         Conj/Air       #######.     1%          3    None
 Stone Arrow              Conj/Erth      ######       1%          3    None
 Summon Guardian Golem    Hex/Summ       #######.     1%          3    None
 Tukima's Dance           Hex            #######.     1%          3    None
 Animate Dead             Necr           N/A          1%          4    None
 Cause Fear               Hex            #######...   1%          4    None
 Force Lance              Conj/Tloc      #######.     1%          4    None
 Fulminant Prism          Conj/Hex       #######...   1%          4    None
 Ice Form                 Ice/Tmut       #######.     1%          4    None
 Iskenderun's Mystic Bla  Conj           #######.     1%          4    None
 Leda's Liquefaction      Hex/Erth       #######...   1%          4    None
 Petrify                  Tmut/Erth      #######.     1%          4    None
 Summon Ice Beast         Ice/Summ       #######.     1%          4    None
 Summon Lightning Spire   Summ/Air       #######.     1%          4    None
 Throw Icicle             Conj/Ice       #######.     1%          4    None
 Agony                    Necr           #######.     1%          5    None
 Alistair's Intoxication  Tmut/Pois      #######.     1%          5    None
 Bolt of Draining         Conj/Necr      #######...   1%          5    None
 Bolt of Magma            Conj/Fire/Erth #######...   1%          5    None
 Excruciating Wounds      Chrm/Necr      #######...   1%          5    None
 Irradiate                Conj/Tmut      #######...   1%          5    None
 Iskenderun's Battlesphe  Conj/Chrm      #######.     1%          5    None
 Lee's Rapid Deconstruct  Erth           #######...   1%          5    None
 Metabolic Englaciation   Hex/Ice        #######...   1%          5    None
 Silence                  Hex/Air        #######...   1%          5    None
 Summon Forest            Summ/Tloc      #######...   1%          5    None
 Venom Bolt               Conj/Pois      #######...   1%          5    None
 Yara's Violent Unravell  Hex/Tmut       #######...   1%          5    None
 Bolt of Cold             Conj/Ice       #######...   1%          6    ###....
 Conjure Ball Lightning   Conj/Air       #######...   1%          6    ###....
 Darkness                 Hex            #######...   1%          6    ###....
 Hydra Form               Tmut           #######...   1%          6    ###....
 Invisibility             Hex            #######.     1%          6    ###....
 Iron Shot                Conj/Erth      #######...   1%          6    ###....
 Ozocubu's Refrigeration  Ice            #######...   1%          6    ###....
 Simulacrum               Ice/Necr       #######...   1%          6    ###....
 Statue Form              Tmut/Erth      #######..    1%          6    ###....
 Dragon Form              Tmut           #######...   4%          7    #####..
 Malign Gateway           Summ/Tloc      #######...   4%          7    #####..
 Monstrous Menagerie      Summ           #######...   4%          7    #####..
 Orb of Destruction       Conj           #######...   4%          7    #####..
 Ring of Flames           Chrm/Fire      #######...   4%          7    #####..
 Summon Greater Demon     Summ           #######...   4%          7    #####..
 Chain Lightning          Conj/Air       #######...   32%         8    ######.
 Lehudib's Crystal Spear  Conj/Erth      #######...   34%         8    ######.
 Summon Horrible Things   Summ           #######...   34%         8    ######.
 Fire Storm               Conj/Fire      #######...   99%         9    #######
 Glaciate                 Conj/Ice       #######...   99%         9    #######
 Tornado                  Air            #######...   99%         9    #######


Dungeon Overview and Level Annotations

Branches:
Dungeon (15/15)            Temple (0/1) D:5            Lair (6/6) D:9
 Shoals (4/4) Lair:4       Spider (4/4) Lair:4        Slime (0/5) Lair:5
    Orc (2/2) D:10            Elf (1/3) Orc:2        Vaults (5/5) D:13
  Crypt (0/3) Vaults:2     Depths (5/5) D:15            Zot (5/5) Depths:5

Altars:
Ashenzari
Makhleb
Okawaru
Ru
Trog
Uskayaw
Xom
Beogh

Shops:
D:7 %   D:9 ?   D:13 *:(   Orc:2 [[*?   Vaults:1 (*!   Depths:2 %![*

Portals:
Hell: Depths:1 Depths:2 Depths:3 Depths:4 Depths:5
Abyss: Depths:3 Depths:4
Pandemonium: Depths:1 Depths:3
Ziggurat: Depths:3
Trove: Vaults:3 (give +2 shadow dragon scales)

Annotations:
D:10 1 runed door, PeterQ's ghost, novice HuEn
Lair:5 exclusion: 4 oklob plants
Lair:6 exclusion: oklob plant


Innate Abilities, Weirdness & Mutations

Your experience applies equally to all skills.
You have very sharp teeth.
Your uncanny sense of smell can sniff out nearby items.
You have large cloven feet.
You are partially covered in icy blue scales. (AC +2)
You are dopey. (Int -2)
Your natural rate of healing is unusually fast.
You occasionally shout uncontrollably at your foes.


Message History

The Killer Klown freezes you.
* * * LOW HITPOINT WARNING * * *
The green draconian shifter points at you and mumbles some strange words.
You blink.
The Orb Guardian hits your butterfly!!!
Your butterfly dies!
The green draconian annihilator gestures wildly while chanting.
The green draconian annihilator blinks!
The electric golem barely misses you. You block the electric golem's attack.
The electric golem closely misses you.
The electric golem hits you but does no damage.
The yellow draconian hits your butterfly with a cursed +0 halberd!!
Your butterfly dies!
You take 12 damage, and have 37/199 hp.
The Orb Guardian barely misses you. You block the Orb Guardian's attack. x2
The Orb Guardian completely misses you.
The Killer Klown prods you with a +8 club of freezing!!
* * * LOW HITPOINT WARNING * * *
The Killer Klown freezes you.
* * * LOW HITPOINT WARNING * * *
The Orb Guardian hits you!!
You die...

##.......## ##...#
#....).....# #.........#
#...####..........#
......#...##
##..#.............#
....####...#
#....)...........# ....# #...#
#[.[.)....†......# #...##
##.(## #...)............#
##†..# #...#
##...............# *#####*
▓▓▓################▓▓▓▓▓
X,,,,,* ##.*qp@.......,,**
.,,,,** ##XX.8XXX......,,,**
..,,,* ##.Xd..XXX......,,,,**
...,** #..XdDd..........,,,,*
....* #..d*X....b§.....,,,,*
....#* #................,,,,*
,,,,,* #.(...........q..,,,,*
,,,,,** #..*......^......,,,,*
,,,,,,**#................,,,,*


You could see 3 orbs of fire, a Killer Klown, an electric golem, a golden
dragon, 2 draconians, 2 draconians, a green draconian shifter, 11 Orb Guardians
and a green draconian annihilator.

Vanquished Creatures
  A juggernaut (Depths:4)
  A curse toe (Zot:4)
  2 caustic shrikes (Depths:4)
  5 golden dragons
  2 liches
  Arachne (Spider:4)
  An iron giant (shapeshifter) (Vaults:2)
  An electric golem (Zot:2)
  7 tentacled monstrosities
  Jorgrun (D:15)
  6 Orb Guardians (Zot:5)
  Rupert (D:13)
  4 quicksilver dragons
  6 titans
  Gastronok (Lair:1)
  7 death cobs
  Frances (D:13)
  8 tengu reavers
  7 sphinxes
  5 shadow dragons
  12 storm dragons
  The ghost of feta the Peltast, a journeyman FoEE of Vehumet (Lair:6)
  2 iron dragons
  11 fire giants
  6 draconian monks
  2 frost giants (Depths:3)
  3 draconian knights
  6 draconian scorchers
  6 ghost moths
  8 vault wardens
  2 deep elf sorcerers
  2 deep elf elementalists (Vaults:5)
  2 emperor scorpions (Spider:4)
  Aizul (Depths:2)
  4 orc warlords
  3 draconian stormcallers (Zot:5)
  A spriggan defender (Depths:4)
  7 draconian shifters
  7 draconian annihilators
  11 ironheart preservers
  2 war gargoyles
  2 caustic shrike skeletons (Depths:4)
  28 very ugly things
  6 entropy weavers
  14 stone giants
  A vampire knight (Depths:5)
  11 green draconians
  2 deep elf demonologists (Depths:4)
  4 black draconians
  6 red draconians
  10 white draconians
  A minotaur (Gauntlet)
  4 purple draconians
  A deep elf annihilator (Vaults:4)
  A spark wasp (Spider:3)
  10 yellow draconians
  12 fire dragons
  21 ettins
  3 merfolk javelineers (Shoals:4)
  4 small abominations (Vaults:5)
  5 deep elf death magi
  8 great orbs of eyes
  3 deep elf high priests
  7 merfolk impalers
  19 yaktaur captains
  32 vault guards
  3 large abominations (Vaults:5)
  13 centaur warriors
  4 hydras
  12 ice dragons
  A ghost crab (Gauntlet)
  A death knight (Vaults:3)
  3 merfolk aquamancers
  3 spriggan air magi
  A dancing weapon (Elf:1)
  A tengu warrior (Depths:3)
  29 two-headed ogres
  13 deep troll shamans
  14 ogre magi
  3 vampire magi
  6 deep troll earth magi
  3 satyrs
  2 spriggan berserkers
  6 orc high priests
  2 deep elf knights
  A soul eater (Depths:2)
  2 hell knights (Depths:4)
  3 skeletal warriors
  Nergalle (Lair:4)
  2 shadow wraiths (Vaults:4)
  2 spark wasp zombies (Depths:4)
  3 iron trolls (Depths:1)
  6 sea snakes
  25 deep trolls
  5 wizards
  6 flayed ghosts
  A sea snake (shapeshifter) (Vaults:5)
  2 unseen horrors
  A kraken simulacrum (Shoals:4)
  6 phantasmal warriors
  2 deep elf archers
  20 ironbrand convokers
  8 glowing orange brains
  15 orc knights
  An obsidian statue (Gauntlet)
  A lindwurm (Lair:6)
  A golden dragon zombie (D:15)
  6 necromancers
  2 harpies (shapeshifter)
  10 orb spiders
  An iron dragon zombie (Depths:2)
  16 deep elf magi
  4 harpies (Vaults:5)
  7 orc sorcerers
  A stone giant zombie (Depths:2)
  A faun (shapeshifter) (Vaults:5)
  A frost giant zombie (D:15)
  13 wolf spiders
  8 fauns
  36 ugly things
  A salamander (Bailey)
  11 moths of wrath
  2 manticores (Shoals:1)
  15 cyclopes
  4 water nymphs
  3 merfolk sirens (Shoals:4)
  3 black mambas
  10 elephants
  17 vault sentinels
  A guardian serpent (shapeshifter) (Vaults:1)
  A spriggan zombie (Depths:2)
  4 centaur skeletons
  8 spiny frogs
  4 gargoyles
  3 kobold demonologists
  4 demonic crawlers
  An efreet (D:14)
  3 elves (Depths:2)
  9 freezing wraiths
  5 komodo dragons
  41 yaktaurs
  4 red devils (D:15)
  A guardian mummy (Vaults:3)
  A queen bee (shapeshifter) (Depths:5)
  A tengu conjurer (D:15)
  A troll (shapeshifter) (D:15)
  8 polar bears
  14 hornets
  A meliai (shapeshifter) (D:13)
  A queen bee (Lair:4)
  7 trolls
  2 meliai (Lair:4)
  4 wind drakes
  18 jumping spiders
  A fire dragon zombie (D:15)
  21 merfolk
  A hornet (shapeshifter) (D:13)
  19 blink frogs
  34 slime creatures
  2 raiju (shapeshifter)
  5 snapping turtles
  Prince Ribbit (D:5)
  11 dream sheep
  13 hippogriffs
  2 shadows (D:11)
  An ettin skeleton (D:15)
  5 vampires (Depths:2)
  16 water elementals
  14 spriggans
  Sigmund (D:6)
  26 tarantellas
  2 yaks (shapeshifter)
  A wyvern (D:13)
  41 yaks
  40 redbacks
  A fire bat (shapeshifter) (Vaults:5)
  A wraith (D:13)
  An elf zombie (Vaults:1)
  7 humans (D:13)
  A hog (shapeshifter) (Vaults:4)
  A steam dragon (D:8)
  A basilisk (Lair:1)
  3 vampire mosquitoes (D:15)
  4 hungry ghosts
  6 wargs
  15 water moccasins
  A hell hound (Depths:2)
  2 floating eyes (shapeshifter) (Depths:3)
  A floating eye (Depths:5)
  4 acid dragons
  5 porcupines
  An ogre skeleton (Vaults:1)
  An ice beast (shapeshifter) (Vaults:5)
  2 ice beasts
  A sky beast (D:14)
  A black bear (D:9)
  A meliai simulacrum (D:14)
  An eye of draining (shapeshifter) (Depths:5)
  An ogre (shapeshifter) (Vaults:4)
  62 orc warriors
  2 phantoms
  A necrophage (D:7)
  75 wolves
  47 ogres
  15 boggarts
  20 centaurs
  11 crocodiles
  15 big kobolds
  18 bullfrogs
  A wyvern zombie (D:14)
  An elf simulacrum (Vaults:1)
  5 scorpions
  27 killer bees
  7 howler monkeys
  10 wights
  3 electric eels
  4 centaur zombies
  11 crimson imps
  2 bullfrog zombies
  A quasit (D:6)
  2 yaktaur simulacra (Vaults:1)
  3 hounds
  7 jellies
  37 orc priests
  30 orc wizards
  A bullfrog skeleton (D:10)
  4 iguanas
  8 worker ants
  Terence (D:2)
  A hound zombie (D:9)
  2 hound skeletons
  A gnoll (shapeshifter) (Depths:4)
  6 gnolls
  9 adders
  2 river rats (Lair:3)
  3 shadow imps
  6 oozes
  2 adder skeletons
  An adder zombie (D:9)
  A worm (D:2)
  A dart slug (D:1)
  3 leopard geckos
  129 orcs
  2 ball pythons
  4 giant cockroaches
  8 goblins
  8 hobgoblins
  7 jackals
  3 quokkas
  3 bats
  4 frilled lizards
  A jackal skeleton (D:6)
  34 kobolds
  A kobold (shapeshifter) (Vaults:1)
  A leopard gecko skeleton (D:5)
  A leopard gecko zombie (D:8)
  7 rats
  A crawling corpse (Vaults:5)
  7 plants
  4 spectral weapons
  A tentacle (Shoals:4)
1950 creatures vanquished.

Vanquished Creatures (collateral kills)
  Mara (Depths:2)
  A storm dragon (Zot:5)
  A fire giant (Depths:4)
  A deep elf sorcerer (Vaults:5)
  An emperor scorpion (Spider:3)
  An ironheart preserver (Vaults:5)
  A caustic shrike skeleton (Depths:4)
  2 very ugly things
  3 stone giants
  An entropy weaver (Depths:4)
  A deep elf annihilator (Depths:4)
  A white draconian (Zot:5)
  2 yaktaur captains
  3 vault guards
  A hydra (D:14)
  2 rakshasas
  A hell beast (Depths:2)
  3 centaur warriors
  An ogre mage (Vaults:2)
  8 two-headed ogres
  A tengu warrior (D:13)
  2 spriggan berserkers (Depths:4)
  Urug (D:13)
  A deep troll (Depths:1)
  A deep elf archer (Vaults:3)
  A wizard (Depths:4)
  An ironbrand convoker (Vaults:2)
  4 ugly things
  2 orb spiders
  3 orc knights
  3 wolf spiders
  2 deep elf magi
  An elephant (Lair:6)
  A moth of wrath (Spider:4)
  A human skeleton (Vaults:1)
  A vault sentinel (Vaults:1)
  A rust devil (Depths:2)
  A kobold demonologist (D:14)
  A freezing wraith (Depths:2)
  17 yaktaurs
  A troll (Vaults:5)
  4 jumping spiders
  2 hornets (Spider:4)
  2 slime creatures (D:13)
  2 merfolk (Shoals:4)
  A hippogriff (D:13)
  3 dream sheep
  6 redbacks
  A redback (shapeshifter) (Depths:4)
  5 tarantellas
  4 yaks (Lair:6)
  A basilisk (D:14)
  A vampire mosquito (D:15)
  A golden eye (shapeshifter) (Vaults:5)
  2 wargs
  A naga (shapeshifter) (Depths:2)
  A black bear (shapeshifter) (Depths:2)
  10 orc warriors
  6 ogres
  A wolf (Depths:2)
  A boggart (Depths:3)
  2 centaurs
  2 orc priests
  A hound (D:14)
  7 orc wizards
  21 orcs
  A plant (Depths:1)
172 creatures vanquished.

Vanquished Creatures (others)
  An ice dragon (Depths:4)
  A deep troll (Depths:1)
  A wolf spider (Spider:3)
  A human (D:13)
  A warg (Vaults:5)
  2 orc warriors (Vaults:3)
  An ogre (Vaults:3)
  An ufetubus (IceCv)
  6 fungi
  27 plants
  34 spectral weapons
  7 tentacles (Shoals:4)
83 creatures vanquished.

Grand Total: 2205 creatures vanquished

Notes
Turn   | Place    | Note
-------+----------+-------------------------------------------
     0 | D:1      | Somebody the Gnoll Wanderer began the quest for the Orb.
     0 | D:1      | Somebody set off with the following items: a +2 falchion, a
                  | +0 robe, a ration, a scroll of teleportation; and the
                  | following spell memorised: Shock; and the following spells
                  | available to memorise: Static Discharge
     0 | D:1      | Reached XP level 1. HP: 20/20 MP: 2/2
   127 | D:1      | Reached XP level 2. HP: 22/26 MP: 3/3
   233 | D:1      | Reached XP level 3. HP: 25/31 MP: 4/4
   482 | D:1      | You fall through a shaft!
   496 | D:2      | Reached skill level 1 in Invocations
   549 | D:2      | Reached skill level 1 in Short Blades
   549 | D:2      | Reached skill level 1 in Axes
   549 | D:2      | Reached skill level 1 in Maces & Flails
   549 | D:2      | Reached skill level 1 in Polearms
   549 | D:2      | Reached skill level 1 in Staves
   549 | D:2      | Reached skill level 1 in Slings
   549 | D:2      | Reached skill level 1 in Bows
   549 | D:2      | Reached skill level 1 in Crossbows
   549 | D:2      | Reached skill level 1 in Throwing
   549 | D:2      | Reached skill level 1 in Armour
   549 | D:2      | Reached skill level 1 in Shields
   549 | D:2      | Reached skill level 1 in Unarmed Combat
   549 | D:2      | Reached skill level 1 in Spellcasting
   549 | D:2      | Reached XP level 4. HP: 27/38 MP: 4/6
   906 | D:2      | Noticed Terence
   913 | D:2      | Killed Terence
  1072 | D:2      | Reached skill level 1 in Conjurations
  1072 | D:2      | Reached skill level 1 in Hexes
  1072 | D:2      | Reached skill level 1 in Charms
  1072 | D:2      | Reached skill level 1 in Summonings
  1072 | D:2      | Reached skill level 1 in Translocations
  1072 | D:2      | Reached skill level 1 in Transmutations
  1072 | D:2      | Reached skill level 1 in Fire Magic
  1072 | D:2      | Reached skill level 1 in Ice Magic
  1072 | D:2      | Reached skill level 1 in Earth Magic
  1072 | D:2      | Reached skill level 1 in Poison Magic
  1624 | D:3      | Reached XP level 5. HP: 34/43 MP: 7/7
  1893 | D:3      | Reached skill level 3 in Dodging
  2370 | D:4      | Reached XP level 6. HP: 47/50 MP: 8/8
  2378 | D:4      | Got a dazzling ring mail
  2389 | D:4      | Identified the +5 ring mail of Cheibriados's Reproof {rPois
                  | Str+6} (You found it on level 4 of the Dungeon)
  2416 | D:4      | Found an iron altar of Okawaru.
  2419 | D:4      | Became a worshipper of Warmaster Okawaru
  2570 | D:4      | Found a bloodstained altar of Trog.
  2591 | D:4      | Reached skill level 5 in Fighting
  2591 | D:4      | Reached skill level 5 in Long Blades
  2756 | D:4      | Found a shimmering altar of Xom.
  2762 | D:4      | Reached XP level 7. HP: 56/56 MP: 10/10
  2898 | D:5      | Entered Level 5 of the Dungeon
  2921 | D:5      | Got a crystal mace
  2922 | D:5      | Identified the +8 mace of the Pure Continents {venom,
                  | Fragile Str+6 Int+3 Dex-5} (You found it on level 5 of the
                  | Dungeon)
  3026 | D:5      | Found a staircase to the Ecumenical Temple.
  3036 | D:5      | Reached * piety under Okawaru
  3181 | D:5      | Reached XP level 8. HP: 55/63 MP: 9/12
  3185 | D:5      | Noticed Prince Ribbit
  3199 | D:5      | Killed Prince Ribbit
  3199 | D:5      | Reached skill level 4 in Dodging
  3515 | D:5      | Found a burning altar of Makhleb.
  3579 | D:6      | Found a shattered altar of Ashenzari.
  3731 | D:6      | Reached ** piety under Okawaru
  3923 | D:6      | Noticed Sigmund
  3935 | D:6      | Killed Sigmund
  4197 | D:6      | Gained mutation: Your mind is acute. (Int +2) [potion of
                  | mutation]
  4197 | D:6      | Gained mutation: You are partially covered in icy blue
                  | scales. (AC +2) [potion of mutation]
  4197 | D:6      | Gained mutation: You are resistant to electric shocks.
                  | (rElec) [potion of mutation]
  4299 | D:7      | Found Ilioprec's Food Boutique.
  4317 | D:7      | Reached XP level 9. HP: 69/69 MP: 14/14
  4348 | D:7      | Reached skill level 5 in Air Magic
  4415 | D:7      | Reached *** piety under Okawaru
  4551 | D:7      | Reached skill level 5 in Dodging
  4551 | D:7      | Reached skill level 5 in Evocations
  4687 | D:7      | Reached skill level 5 in Stealth
  4940 | D:8      | Reached skill level 5 in Invocations
  4941 | D:8      | Paralysed by fainting for 12 turns
  5047 | D:8      | Reached **** piety under Okawaru
  5059 | D:8      | Reached XP level 10. HP: 52/77 MP: 15/17
  5407 | D:9      | Reached skill level 5 in Short Blades
  5407 | D:9      | Reached skill level 5 in Axes
  5407 | D:9      | Reached skill level 5 in Maces & Flails
  5407 | D:9      | Reached skill level 5 in Polearms
  5407 | D:9      | Reached skill level 5 in Staves
  5407 | D:9      | Reached skill level 5 in Slings
  5407 | D:9      | Reached skill level 5 in Bows
  5407 | D:9      | Reached skill level 5 in Crossbows
  5407 | D:9      | Reached skill level 5 in Throwing
  5407 | D:9      | Reached skill level 5 in Armour
  5407 | D:9      | Reached skill level 5 in Shields
  5407 | D:9      | Reached skill level 5 in Unarmed Combat
  5407 | D:9      | Reached skill level 5 in Spellcasting
  5505 | D:9      | Noticed a kobold demonologist
  5517 | D:9      | Killed a kobold demonologist
  5784 | D:9      | Reached skill level 6 in Dodging
  5819 | D:9      | Paralysed by a hornet for 2 turns
  5821 | D:9      | Reached skill level 5 in Necromancy
  5942 | D:9      | Found a staircase to the Lair.
  5949 | Lair:1   | Entered Level 1 of the Lair of Beasts
  5985 | Lair:1   | Reached ***** piety under Okawaru
  5989 | Lair:1   | You know what I'm going to do? Something revolutionary. Not
                  | go into that ice cave, since screw it.
  5998 | Lair:1   | Noticed a spiny frog
  6015 | Lair:1   | Killed a spiny frog
  6015 | Lair:1   | Received a gift from Okawaru
  6016 | Lair:1   | Got a transparent broad axe {god gift}
  6021 | Lair:1   | Identified the +8 broad axe "Biunluapt" {holy, Str+2}
                  | (Okawaru gifted it to you on level 1 of the Lair of Beasts)
  6060 | Lair:1   | Reached XP level 11. HP: 43/84 MP: 18/19
  6150 | Lair:1   | Reached skill level 5 in Conjurations
  6150 | Lair:1   | Reached skill level 5 in Hexes
  6150 | Lair:1   | Reached skill level 5 in Charms
  6150 | Lair:1   | Reached skill level 5 in Summonings
  6150 | Lair:1   | Reached skill level 5 in Translocations
  6150 | Lair:1   | Reached skill level 5 in Transmutations
  6150 | Lair:1   | Reached skill level 5 in Fire Magic
  6150 | Lair:1   | Reached skill level 5 in Ice Magic
  6150 | Lair:1   | Reached skill level 5 in Earth Magic
  6150 | Lair:1   | Reached skill level 5 in Poison Magic
  6196 | Lair:1   | Received a gift from Okawaru
  6236 | Lair:1   | Learned a level 2 spell: Passwall
  6494 | Lair:1   | Found a frozen archway.
  6529 | Lair:1   | Got a brightly glowing platinum ring
  6531 | Lair:1   | Identified the ring of Revuupt {+Inv rF+ Str+3 Dex+4} (You
                  | found it on level 1 of the Lair of Beasts)
  6580 | IceCv    | Entered an ice cave
  6779 | Lair:1   | Noticed a four-headed hydra
  6801 | Lair:1   | Killed a four-headed hydra
  6820 | Lair:1   | Received a gift from Okawaru
  6850 | Lair:1   | Reached skill level 7 in Dodging
  7143 | Lair:1   | Noticed Gastronok
  7162 | Lair:1   | Killed Gastronok
  7162 | Lair:1   | Reached XP level 12. HP: 93/93 MP: 22/22
  7214 | Lair:1   | Received a gift from Okawaru
  7358 | Lair:2   | Learned a level 5 spell: Lee's Rapid Deconstruction
  7363 | Lair:2   | Learned a level 4 spell: Petrify
  7586 | Lair:2   | Learned a level 1 spell: Summon Butterflies
  7592 | Lair:2   | Learned a level 5 spell: Alistair's Intoxication
  7594 | Lair:2   | Learned a level 1 spell: Apportation
  7708 | Lair:2   | Got a dazzling scimitar
  7709 | Lair:2   | Identified the cursed +1 scimitar of the Special Gods
                  | {flame, Int+3} (You found it on level 2 of the Lair of
                  | Beasts)
  7710 | Lair:2   | curse
  9093 | Lair:4   | Reached ****** piety under Okawaru
  9191 | Lair:4   | Found a staircase to the Shoals.
  9215 | Lair:4   | Received a gift from Okawaru
  9219 | Lair:4   | Got an ichor-stained animal skin {god gift}
  9230 | Lair:4   | Identified the +0 animal skin of Bavel {*Slow Regen+ Str+10
                  | Dex+3} (Okawaru gifted it to you on level 4 of the Lair of
                  | Beasts)
  9382 | Lair:4   | Noticed a four-headed hydra
  9392 | Lair:4   | Killed a one-headed hydra
  9392 | Lair:4   | Reached skill level 8 in Dodging
  9405 | Lair:4   | Noticed Nergalle
  9445 | Lair:4   | Killed Nergalle
  9512 | Lair:4   | Found a hole to the Spider Nest.
  9964 | Lair:4   | Reached XP level 13. HP: 101/101 MP: 7/24
 10412 | Lair:5   | Learned a level 6 spell: Invisibility
 10580 | Lair:5   | Found a staircase to the Slime Pits.
 11213 | Lair:6   | Entered Level 6 of the Lair of Beasts
 11238 | Lair:6   | Found a gate leading to a gauntlet.
 11243 | Gauntlet | Entered a Gauntlet
 11243 | Gauntlet | Found a transporter.
 11246 | Gauntlet | Found a transporter.
 11247 | Gauntlet | Found a transporter.
 11249 | Gauntlet | Found a transporter.
 11251 | Gauntlet | Found a transporter.
 11259 | Gauntlet | Found a transporter.
 11260 | Gauntlet | Found a transporter.
 11261 | Gauntlet | Found a transporter.
 11281 | Gauntlet | Found a transporter.
 11300 | Gauntlet | Found a transporter.
 11304 | Gauntlet | Found a transporter.
 11306 | Gauntlet | Found a runed translucent gate.
 11306 | Gauntlet | Found a runed translucent gate.
 11306 | Gauntlet | Found a runed translucent gate.
 11306 | Gauntlet | Noticed a green death
 11314 | Gauntlet | Found a transporter.
 11479 | Gauntlet | Received a gift from Okawaru
 11486 | Gauntlet | Got a faintly humming helmet
 11497 | Gauntlet | Identified the +0 helmet of the Failed Coup {rElec rC+ rN+}
                  | (You found it in a Gauntlet)
 11504 | Gauntlet | Noticed a minotaur
 11519 | Gauntlet | Killed a minotaur
 11535 | Gauntlet | Dispel Undead + Lightning Spire!!!
 11591 | Lair:6   | Got a slimy flail
 11603 | Lair:5   | Identified the +8 flail of Megalomania {vamp, rElec Int+2}
                  | (You found it on level 6 of the Lair of Beasts)
 11693 | Lair:6   | Found a hide-covered altar of Uskayaw.
 11711 | Lair:6   | Received a gift from Okawaru
 11712 | Lair:6   | Got a dazzling halberd {god gift}
 11713 | Lair:6   | Identified the +8 halberd of Jeusky {chop, *Noise rC+++ MR-
                  | Int+8} (Okawaru gifted it to you on level 6 of the Lair of
                  | Beasts)
 11746 | Lair:6   | Found a runed door.
 11823 | Lair:6   | Identified the +1 spear of Foem Hal {pierce, rPois rN+
                  | Dex-5}
 11824 | Lair:6   | Noticed feta's ghost (journeyman FoEE)
 11857 | Lair:6   | Reached skill level 9 in Dodging
 11934 | Lair:6   | Reached XP level 14. HP: 56/109 MP: 24/26
 12045 | Lair:6   | Received a gift from Okawaru
 12046 | Lair:6   | Got an encrusted quarterstaff {god gift}
 12055 | Lair:6   | Identified the +10 quarterstaff of a ziggurat {freeze,
                  | *Contam rPois rC+ Str+3} (Okawaru gifted it to you on level
                  | 6 of the Lair of Beasts)
 12230 | Lair:6   | Killed feta's ghost
 12230 | Lair:6   | Reached skill level 10 in Fighting
 12230 | Lair:6   | Reached skill level 10 in Long Blades
 12450 | Lair:6   | Received a gift from Okawaru
 12451 | Lair:6   | Got a faintly humming helmet {god gift}
 12462 | Lair:6   | Identified the +0 helmet of Rotation {rElec Int+3 Dex+3}
                  | (Okawaru gifted it to you on level 6 of the Lair of Beasts)
 12755 | Spider:1 | Entered Level 1 of the Spider Nest
 12776 | Spider:1 | Noticed an entropy weaver
 12780 | Spider:1 | Reached skill level 10 in Invocations
 12781 | Spider:1 | Killed an entropy weaver
 12851 | Spider:1 | Learned a level 4 spell: Summon Lightning Spire
 12854 | Spider:1 | Learned a level 2 spell: Corpse Rot
 13071 | Spider:2 | Noticed an entropy weaver
 13079 | Spider:2 | Killed an entropy weaver
 13447 | Spider:3 | Noticed an entropy weaver
 13527 | Spider:3 | Received a gift from Okawaru
 13544 | Spider:3 | Reached XP level 15. HP: 83/117 MP: 7/28
 13601 | Spider:3 | Noticed an emperor scorpion
 13650 | Spider:3 | Killed an emperor scorpion
 13650 | Spider:3 | Received a gift from Okawaru
 13650 | Spider:3 | Reached skill level 10 in Dodging
 13650 | Spider:3 | Reached skill level 10 in Evocations
 13654 | Spider:3 | Noticed a ghost moth
 13665 | Spider:3 | Killed a ghost moth
 13670 | Spider:3 | Reached skill level 10 in Stealth
 13729 | Spider:4 | Entered Level 4 of the Spider Nest
 14439 | Spider:4 | Noticed Arachne
 14474 | Spider:4 | Killed Arachne
 14474 | Spider:4 | Reached skill level 10 in Short Blades
 14474 | Spider:4 | Reached skill level 10 in Axes
 14474 | Spider:4 | Reached skill level 10 in Maces & Flails
 14474 | Spider:4 | Reached skill level 10 in Polearms
 14474 | Spider:4 | Reached skill level 10 in Staves
 14474 | Spider:4 | Reached skill level 10 in Slings
 14474 | Spider:4 | Reached skill level 10 in Bows
 14474 | Spider:4 | Reached skill level 10 in Crossbows
 14474 | Spider:4 | Reached skill level 10 in Throwing
 14474 | Spider:4 | Reached skill level 10 in Armour
 14474 | Spider:4 | Reached skill level 10 in Shields
 14474 | Spider:4 | Reached skill level 10 in Unarmed Combat
 14474 | Spider:4 | Reached skill level 10 in Spellcasting
 14517 | Spider:4 | Noticed an emperor scorpion
 14518 | Spider:4 | Received a gift from Okawaru
 14535 | Spider:4 | Killed an emperor scorpion
 14539 | Spider:4 | Noticed an emperor scorpion
 14564 | Spider:4 | Killed an emperor scorpion
 14650 | Spider:4 | Noticed a ghost moth
 14779 | Spider:4 | Noticed a ghost moth
 14797 | Spider:4 | Killed a ghost moth
 14959 | Spider:4 | Noticed a ghost moth
 14971 | Spider:4 | Killed a ghost moth
 15012 | Spider:4 | Got a gossamer rune of Zot
 15351 | D:9      | Found Cumergh's Magic Scroll Shoppe.
 15359 | D:9      | Bought a scroll of remove curse for 51 gold pieces
 15359 | D:9      | Bought a scroll of identify for 34 gold pieces
 15359 | D:9      | Bought a scroll of remove curse for 51 gold pieces
 15359 | D:9      | Bought a scroll of remove curse for 51 gold pieces
 15359 | D:9      | Bought a scroll of remove curse for 51 gold pieces
 15359 | D:9      | Bought a scroll of enchant weapon for 127 gold pieces
 15359 | D:9      | Bought a scroll of identify for 34 gold pieces
 15369 | D:9      | Gained mutation: Your spells are a little easier to cast,
                  | but a little less powerful. [mutagenic glow]
 15410 | D:10     | Entered Level 10 of the Dungeon
 15466 | D:10     | Noticed PeterQ's ghost (novice HuEn)
 15468 | D:10     | Found a runed door.
 15524 | D:10     | Found a flagged portal.
 15538 | Bailey   | Entered a bailey
 15624 | Bailey   | Reached XP level 16. HP: 125/125 MP: 30/30
 16112 | D:10     | Found a staircase to the Orcish Mines.
 16130 | Orc:1    | Entered Level 1 of the Orcish Mines
 16507 | Orc:2    | Entered Level 2 of the Orcish Mines
 16513 | Orc:2    | Received a gift from Okawaru
 16897 | Orc:2    | Found Koenij's Magic Scroll Emporium.
 16920 | Orc:2    | Found a roughly hewn altar of Beogh.
 17215 | Orc:2    | Found a staircase to the Elven Halls.
 17405 | Orc:2    | Learned a level 5 spell: Dispel Undead
 17625 | Orc:2    | Found a roughly hewn altar of Beogh.
 17651 | Orc:2    | Found Zong's Armour Shoppe.
 17659 | Orc:2    | Bought a +1 pair of gloves of dexterity for 231 gold pieces
 17697 | Orc:2    | Found Juanwaf's Antique Armour Emporium.
 17716 | Orc:2    | Bought a pair of embroidered gloves for 217 gold pieces
 17862 | Orc:2    | Found Cerijoing's General Store.
 18235 | D:11     | Reached skill level 11 in Dodging
 18301 | D:11     | Found a transporter.
 18303 | D:11     | Found a roughly hewn altar of Beogh.
 18303 | D:11     | Found a transporter.
 18467 | D:11     | You fall through a shaft!
 18763 | D:13     | Noticed Urug
 18782 | D:13     | Killed Urug
 18815 | D:13     | Noticed Rupert
 18827 | D:13     | Killed Rupert
 18882 | D:13     | Found Riurazxe's Assorted Antiques.
 18896 | D:13     | Reached skill level 10 in Air Magic
 18902 | D:13     | Bought a runed cloak for 187 gold pieces
 18945 | D:13     | Received a gift from Okawaru
 19093 | D:13     | Received a gift from Okawaru
 19150 | D:13     | Found a gate to the Vaults.
 19169 | Vaults:1 | Entered Level 1 of the Vaults
 19223 | Vaults:1 | Reached XP level 17. HP: 83/133 MP: 4/32
 19739 | Vaults:1 | Received a gift from Okawaru
 19942 | Vaults:1 | Learned a level 5 spell: Irradiate
 20074 | Vaults:1 | Received a gift from Okawaru
 20428 | Vaults:1 | Noticed a sphinx
 20649 | Vaults:1 | Gained mutation: You occasionally shout uncontrollably at
                  | your foes. [mutagenic glow]
 20777 | Vaults:1 | Found Puduna's Distillery.
 20783 | Vaults:1 | Bought a potion of resistance for 180 gold pieces
 20783 | Vaults:1 | Bought a potion of curing for 54 gold pieces
 20783 | Vaults:1 | Bought a potion of cancellation for 144 gold pieces
 20838 | Vaults:1 | Received a gift from Okawaru
 20839 | Vaults:1 | Reached skill level 10 in Necromancy
 20840 | Vaults:1 | Killed a sphinx
 21194 | D:13     | Noticed Frances
 21207 | D:13     | Killed Frances
 21442 | D:13     | Found Quyc's Weapon Shop.
 21521 | D:13     | Found Aget's Book Boutique.
 21671 | D:13     | Bought a book of Ice for 650 gold pieces
 21678 | D:13     | Learned a level 6 spell: Freezing Cloud
 21697 | D:13     | Got a faintly glowing robe
 21698 | D:13     | Identified the +3 robe "Ehovongi" {Str+4 Int+3} (You found
                  | it on level 13 of the Dungeon)
 22403 | Vaults:1 | Identified the +1 plate armour of Anarchy {rPois MR++ Str+3
                  | Dex-5} (Okawaru gifted it to you on level 1 of the Vaults)
 22688 | Vaults:1 | Found Javev's Antique Weapon Emporium.
 22699 | Vaults:1 | Bought a jewelled double sword for 440 gold pieces
 22699 | Vaults:1 | Identified the +6 double sword "Meafier" {venom, rPois rC+
                  | rN+ Stlth+} (You bought it in a shop on level 1 of the
                  | Vaults)
 22753 | Vaults:1 | Gained mutation: You are clumsy. (Dex -2) [mutagenic glow]
 22758 | Vaults:1 | Found Dici's General Store.
 22763 | Vaults:1 | Bought a potion of resistance for 170 gold pieces
 22763 | Vaults:1 | Bought a scroll of identify for 34 gold pieces
 23480 | Vaults:2 | Reached skill level 10 in Conjurations
 23480 | Vaults:2 | Reached skill level 10 in Hexes
 23480 | Vaults:2 | Reached skill level 10 in Charms
 23480 | Vaults:2 | Reached skill level 10 in Summonings
 23480 | Vaults:2 | Reached skill level 10 in Translocations
 23480 | Vaults:2 | Reached skill level 10 in Transmutations
 23480 | Vaults:2 | Reached skill level 10 in Fire Magic
 23480 | Vaults:2 | Reached skill level 10 in Ice Magic
 23480 | Vaults:2 | Reached skill level 10 in Earth Magic
 23480 | Vaults:2 | Reached skill level 10 in Poison Magic
 23486 | Vaults:2 | Received a gift from Okawaru
 23503 | Vaults:2 | Reached XP level 18. HP: 141/141 MP: 33/33
 23513 | Vaults:2 | Reached skill level 12 in Dodging
 23523 | Vaults:2 | Received a gift from Okawaru
 23773 | Vaults:2 | Found a staircase to the Crypt.
 24341 | Vaults:3 | Received a gift from Okawaru
 24421 | Vaults:3 | Received a gift from Okawaru
 24520 | Vaults:3 | Received a gift from Okawaru
 24605 | Vaults:3 | Received a gift from Okawaru
 24606 | Vaults:3 | Identified the +1 plate armour of Sorcery {rPois rF- SInv}
                  | (Okawaru gifted it to you on level 3 of the Vaults)
 25387 | Vaults:3 | NO FUCKING MR!
 25470 | Vaults:2 | Noticed a golden dragon
 25486 | Vaults:2 | Noticed an iron giant
 25486 | Vaults:2 | a golden dragon changed into an iron giant
 25490 | Vaults:2 | Killed an iron giant
 25490 | Vaults:2 | Received a gift from Okawaru
 25789 | D:11     | Reached XP level 19. HP: 149/149 MP: 35/35
 25833 | D:11     | Learned a level 3 spell: Regeneration
 25837 | D:11     | Learned a level 3 spell: Spectral Weapon
 27215 | Shoals:1 | Entered Level 1 of the Shoals
 27323 | Shoals:1 | Found a runed door.
 27772 | Shoals:4 | Entered Level 4 of the Shoals
 27794 | Shoals:4 | Received a gift from Okawaru
 27939 | Shoals:4 | Got a barnacled rune of Zot
 28059 | Shoals:4 | Identified Ysmuru's Incunabulum of Summoning and
                  | Self-Improvement
 28068 | Shoals:4 | Learned a level 5 spell: Summon Mana Viper
 28444 | Elf:1    | Entered Level 1 of the Elven Halls
 28505 | Elf:1    | Identified a scroll of acquirement
 28739 | D:13     | Bought a book of Annihilations for 1104 gold pieces
 28743 | D:13     | Learned a level 2 spell: Sublimation of Blood
 28751 | D:13     | Learned a level 6 spell: Poison Arrow
 29172 | Vaults:3 | Reached skill level 13 in Dodging
 29196 | Vaults:3 | Found a portal to a secret trove of treasure.
 29556 | Vaults:4 | Got a pair of transparent boots
 29567 | Vaults:4 | Identified the +2 pair of boots of Summer {-Cast rPois
                  | Str+4} (You acquired it on level 4 of the Vaults)
 29595 | Vaults:4 | Paralysed by a sphinx for 2 turns
 30054 | Vaults:4 | Received a gift from Okawaru
 30172 | Vaults:4 | Reached XP level 20. HP: 98/157 MP: 17/36
 31041 | Vaults:5 | Entered Level 5 of the Vaults
 31340 | Vaults:5 | Received a gift from Okawaru
 31365 | Vaults:5 | Noticed a golden dragon
 31377 | Vaults:5 | Killed a golden dragon
 31377 | Vaults:5 | Received a gift from Okawaru
 31687 | Vaults:5 | Received a gift from Okawaru
 31700 | Vaults:5 | Noticed a golden dragon
 31714 | Vaults:5 | Killed a golden dragon
 31792 | Vaults:5 | Received a gift from Okawaru
 31792 | Vaults:5 | Reached XP level 21. HP: 112/165 MP: 35/38
 31803 | Vaults:5 | Identified the +8 short sword of Tabisyar {pierce, +Blink}
 31803 | Vaults:5 | Identified the amulet "Rona" {rC- Regen+ MP+9 Dex+4 Stlth+}
 31845 | Vaults:5 | Identified the +2 ring mail of Adel {rC++}
 32011 | Vaults:5 | Received a gift from Okawaru
 32025 | Vaults:5 | Lost mutation: You are clumsy. (Dex -2) [potion of
                  | mutation]
 32025 | Vaults:5 | Lost mutation: Your mind is acute. (Int +2) [potion of
                  | mutation]
 32025 | Vaults:5 | Lost mutation: Your spells are a little easier to cast, but
                  | a little less powerful. [potion of mutation]
 32025 | Vaults:5 | Lost mutation: You are resistant to electric shocks.
                  | (rElec) [potion of mutation]
 32025 | Vaults:5 | Gained mutation: You have large cloven feet. [potion of
                  | mutation]
 32025 | Vaults:5 | Gained mutation: Your natural rate of healing is unusually
                  | fast. [potion of mutation]
 32106 | Vaults:4 | Reached skill level 14 in Dodging
 32161 | Vaults:5 | Received a gift from Okawaru
 32179 | Vaults:5 | Upgraded the game from 0.23-a0-767-gdc19b93d68 to
                  | 0.24-a0-107-g431b8d2fe3
 32179 | Vaults:5 | Upgraded the game from 0.24-a0-107-g431b8d2fe3 to
                  | 0.24-a0-201-gf2055891f0
 32253 | Vaults:5 | Received a gift from Okawaru
 32478 | Vaults:5 | Identified the Incunabulum of Entrancing Black Secrets
 32488 | Vaults:5 | Learned a level 7 spell: Spellforged Servitor
 32504 | Vaults:5 | Got a silver rune of Zot
 32575 | Vaults:5 | Reached skill level 15 in Invocations
 33470 | D:13     | Bought a manual of Dodging for 1104 gold pieces
 33608 | Orc:2    | Bought a scroll of acquirement for 832 gold pieces
 34716 | D:15     | Entered Level 15 of the Dungeon
 34910 | D:15     | Noticed Jorgrun
 34914 | D:15     | Killed Jorgrun
 35148 | D:15     | Found a staircase to the Depths.
 35262 | D:15     | Reached XP level 22. HP: 173/173 MP: 34/40
 35270 | D:15     | Learned a level 6 spell: Deflect Missiles
 35273 | D:15     | Found a sacrificial altar of Ru.
 35532 | Depths:1 | Entered Level 1 of the Depths
 35543 | Depths:1 | Received a gift from Okawaru
 35657 | Depths:1 | Received a gift from Okawaru
 35658 | Depths:1 | Got a distressingly furry plate armour {god gift}
 35659 | Depths:1 | Identified the +3 plate armour "Huon Jei" {SInv} (Okawaru
                  | gifted it to you on level 1 of the Depths)
 35975 | Depths:1 | Found a gateway to Hell.
 36179 | Depths:1 | Found a one-way gate leading to the halls of Pandemonium.
 36222 | Depths:2 | Noticed Mara
 36224 | Depths:2 | Noticed Somebody's illusion
 36397 | Depths:1 | Received a gift from Okawaru
 36404 | Depths:1 | Reached skill level 15 in Dodging
 36565 | Depths:2 | Reached skill level 15 in Fighting
 36565 | Depths:2 | Reached skill level 15 in Long Blades
 36588 | Depths:2 | Received a gift from Okawaru
 36749 | Depths:2 | Received a gift from Okawaru
 36821 | Depths:2 | Noticed Aizul
 36831 | Depths:2 | Killed Aizul
 37010 | Depths:2 | Found a roughly hewn altar of Beogh.
 37089 | Depths:2 | Found The Legendary Cesilloi's Legendary Smithy.
 37114 | Depths:2 | Found Edoqin's Slaves and Accessories.
 37173 | Depths:2 | Found Jack's Jerk-a-riffic Jerky.
 37237 | Depths:2 | Found Keach's Miraculous Elixirs.
 37398 | Depths:2 | Killed Mara
 37398 | Depths:2 | Received a gift from Okawaru
 37417 | Depths:2 | Reached XP level 23. HP: 179/181 MP: 25/41
 37759 | Depths:3 | Found a gateway to a ziggurat.
 37968 | Depths:3 | Reached skill level 15 in Evocations
 38011 | Depths:3 | Reached skill level 15 in Stealth
 38042 | Depths:3 | Received a gift from Okawaru
 38077 | Depths:3 | Identified the Volume of Assistive Dark Rituals
 38352 | Depths:3 | Found a one-way gate to the infinite horrors of the Abyss.
 38477 | Depths:4 | Received a gift from Okawaru
 38537 | Depths:4 | Reached skill level 16 in Dodging
 38575 | Depths:4 | Noticed a juggernaut
 38611 | Depths:4 | Noticed a golden dragon
 38622 | Depths:4 | Reached skill level 15 in Short Blades
 38622 | Depths:4 | Reached skill level 15 in Axes
 38622 | Depths:4 | Reached skill level 15 in Maces & Flails
 38622 | Depths:4 | Reached skill level 15 in Polearms
 38622 | Depths:4 | Reached skill level 15 in Staves
 38622 | Depths:4 | Reached skill level 15 in Slings
 38622 | Depths:4 | Reached skill level 15 in Bows
 38622 | Depths:4 | Reached skill level 15 in Crossbows
 38622 | Depths:4 | Reached skill level 15 in Throwing
 38622 | Depths:4 | Reached skill level 15 in Armour
 38622 | Depths:4 | Reached skill level 15 in Shields
 38622 | Depths:4 | Reached skill level 15 in Unarmed Combat
 38622 | Depths:4 | Reached skill level 15 in Spellcasting
 38631 | Depths:4 | Noticed a caustic shrike
 38710 | Depths:4 | Upgraded the game from 0.24-a0-201-gf2055891f0 to
                  | 0.24-a0-203-gf0bc1e94ae
 38744 | Depths:4 | Identified the ring "Saumpak" {rElec rPois rC+ Str+3 Dex+3}
 38810 | Depths:4 | Killed a golden dragon
 38981 | Depths:4 | Killed a caustic shrike
 39027 | Depths:4 | Noticed a caustic shrike
 39034 | Depths:4 | Killed a caustic shrike
 39159 | Depths:4 | Identified the +0 pair of gloves of the Blizzard {*Contam
                  | rF+ Dex+5} (You found it on level 4 of the Depths)
 39161 | Depths:4 | Identified the Guide on Cankerous Talismans
 39198 | Depths:4 | Identified the +6 great sword "Efito" {slice, rF+ rN+ MR+
                  | Dex+3} (You found it on level 4 of the Depths)
 39247 | Depths:4 | Received a gift from Okawaru
 39371 | Depths:4 | Reached XP level 24. HP: 166/190 MP: 42/42
 39623 | Depths:4 | Killed a juggernaut
 39631 | Depths:4 | Received a gift from Okawaru
 39826 | Depths:5 | Entered Level 5 of the Depths
 39993 | Depths:5 | Received a gift from Okawaru
 40000 | Depths:5 | Upgraded the game from 0.24-a0-203-gf0bc1e94ae to
                  | 0.24-a0-228-g05560da471
 40000 | Depths:5 | Upgraded the game from 0.24-a0-228-g05560da471 to
                  | 0.24-a0-530-g18ba70b503
 40127 | Depths:5 | Received a gift from Okawaru
 40168 | Depths:5 | Reached skill level 17 in Dodging
 40191 | Depths:5 | Received a gift from Okawaru
 40208 | Depths:5 | Found a gate to the Realm of Zot.
 40246 | Depths:5 | This character is very multi-faceted, and not that
                  | interesting to play.
 40347 | Zot:1    | Entered Level 1 of the Realm of Zot
 40962 | Zot:2    | Reached XP level 25. HP: 194/198 MP: 17/42
 41016 | Zot:3    | Received a gift from Okawaru
 41482 | Zot:3    | Received a gift from Okawaru
 41616 | Zot:4    | Received a gift from Okawaru
 41807 | Zot:5    | Entered Level 5 of the Realm of Zot
 41830 | Zot:5    | Reached skill level 18 in Dodging
 42371 | Zot:5    | Noticed an ancient lich
 42379 | Zot:5    | Noticed an orb of fire
 42379 | Zot:5    | Noticed an orb of fire
 42383 | Zot:5    | Noticed an orb of fire
 42384 | Zot:5    | Noticed a Killer Klown
 42385 | Zot:5    | Noticed an orb of fire
 42386 | Zot:5    | Noticed an orb of fire
 42387 | Zot:5    | Noticed an orb of fire
 42387 | Zot:5    | Gained mutation: You are dopey. (Int -2) [an orb of fire]
 42387 | Zot:5    | Noticed a Killer Klown
 42387 | Zot:5    | Noticed an ancient lich
 42388 | Zot:5    | Noticed a Killer Klown
 42419 | Zot:5    | Upgraded the game from 0.24-a0-530-g18ba70b503 to
                  | 0.24-a0-545-gd1b266bae6
 42423 | Zot:5    | Noticed an orb of fire
 42437 | Zot:5    | Demolished by an Orb Guardian

Levels and vault maps discovered:
D:1:      dpeg_arrival_lava_temple_mockup, tso_altar
D:2:      minmay_angry_zag, first_ration, uniq_terence
D:3:      st_stairs_1
D:4:      kennysheep_mini, lemuel_doored_altar, led_xom_imps
D:5:      lightli_temple_of_fire, minmay_temple_entry_wispy, uniq_prince_ribbit1
D:6:      cheibrodos_ashenzari_chains, uniq_sigmund
D:7:      serial_shops, nicolae_shop_behind_doors
D:9:      dpeg_oklobed_lair, special_room, serial_shops, shop_statue
D:10:     erik_orc_2, gammafunk_ghost_grave, enter_bailey_3
D:11:     gammafunk_beogh_shrine
D:13:     ximxim_vaults_locker_room, serial_shops, shop_fountains, shop, shop,
          shop, grunt_tengu_nest, minmay_diced_spiral, uniq_urug, uniq_rupert,
          uniq_frances
D:14:     minmay_big_diamond_grid, minmay_staircase_bubble
D:15:     gammafunk_depths_entry_grave, layout_irregular_city,
          nicolae_ru_awakened_eye, einodemon_armed_red_devil_minivault,
          uniq_jorgrun
Lair:1:   portal_ice_cave_entry_pillars_1, grunt_forest_large_clearings,
          grunt_megastairs_1, uniq_gastronok
Lair:2:   lemuel_fruit_fields
Lair:3:   st_stairs_4, pond
Lair:4:   elwin_shoals_entry_rooms, spider_nest_entry_a, special_room,
          kennysheep_catoblepas_arena, uniq_nergalle
Lair:5:   nicolae_slime_entry_slimehenge, minmay_lair_oklob_chamber
Lair:6:   minmay_lair_end_enchanted_forest, gauntlet_entry_generic,
          ebering_ghost_funeral_grove, lemuel_oklob_altar
Shoals:1: lightli_airlock, uniq_kirke
Shoals:3: uniq_polyphemus
Shoals:4: shoals_end_grunt_ice, shoals_ilsuiw_alternative, ldierk_geyser
Spider:2: hangedman_spider_mandibles
Spider:3: minmay_another_anthill
Spider:4: grunt_spider_rune_parallel, drop_trap, uniq_arachne
Orc:2:    pubby_orc_utopia, serial_shops
Elf:1:    eino_elf_arrival_sip, orc_legates, hex_tiny, grunt_megastairs_5
Vaults:1: st_smaller_cells, ontoclasm_vaults_pinch, nicolae_vaults_big_ls,
          nicolae_vaults_arrows, vaults_room_door_hall, v_misc_4,
          vaults_dpeg_spiral, v_misc_26, grunt_vaults_twisty,
          nicolae_vaults_little_squares_1, grunt_vaults_hallway_long,
          hangedman_vaults_corner_blocks, vaults_room_door_ring, serial_shops,
          nicolae_shop_waterfront, nicolae_shop_crystal, shop_statue,
          nicolae_shop_crystal, nicolae_shop_stone
Vaults:2: v_misc_30, vaults_standard_mumra_lines,
          nicolae_vaults_yaktaur_gun_rack, v_misc_33,
          nicolae_vaults_an_arrangement, v_misc_15, v_misc_23, dummy_crypt_entry
Vaults:3: st_more_cells, v_alt_pattern_3, nicolae_vaults_hallways_thing,
          hangedman_vaults_trim, hangedman_vaults_stitches, v_rooms_4,
          ontoclasm_vaults_eye, v_misc_29, nicolae_vaults_alarming,
          grunt_vaults_hallway_long, nicolae_vaults_little_ls, vaults_room_grid,
          vaults_dpeg_cross, nicolae_trove_entry_path_of_doom
Vaults:4: v_pattern_3, nicolae_vaults_quartermaster, vaults_room_grid,
          v_misc_15, grunt_vaults_diagonal, v_misc_14, hangedman_vaults_trim,
          nicolae_vaults_diagonal_hallway_6
Vaults:5: serial_shops
Depths:1: layout_cave_pools, chequers_big_river, hell_entry, pan_entry,
          serial_bayou_shore_b
Depths:2: grated_community_mu [grated_community_mu_vampire_home,
          grated_community_mu_giant_home, grated_community_mu_spellcaster_home,
          grated_community_mu_orcish_home, grated_community_mu_troll_home,
          grated_community_mu_taur_home, grated_community_mu_unbuilt_plot],
          layout_cave_shapes, minmay_tree_intersection, grunt_mini_vestibule,
          pan_entry, nrook_mini_vaults, hangedman_abyss_or_decor_stabs,
          uniq_aizul, uniq_mara
Depths:3: minmay_the_grid_3x2 [minmay_the_grid_empty,
          minmay_the_grid_aliased_spiral, minmay_the_grid_square_x,
          minmay_the_grid_pillar_ring, minmay_the_grid_tree,
          minmay_the_grid_prize_four_corners_diamond_b], layout_basic,
          enter_ziggurat_b, pan_entry, abyss_entry_small_statue_room,
          pf_hell_entry_tar_spiral, kennysheep_nondescript, nicolae_water_bricks
Depths:4: hangedman_pleasuredromes, abyss_entry, hell_entry
Depths:5: grunt_zot_entry_bicorn, layout_cave_pools, nicolae_two_hexagons,
          hell_entry
Zot:1:    layout_gridlike
Zot:2:    layout_basic
Zot:3:    layout_gridville
Zot:4:    layout_onion_interference, gammafunk_ghost_wrathful_warriors
Zot:5:    layout_onion

Skill      XL: |  1  2  3  4  5  6  7  8  9 10 11 12 13 14 15 16 17 18 19 20 21 22 23 24 25 |
---------------+----------------------------------------------------------------------------+-----
Necromancy     | 2 3 4 5 6 7 8 9 10 11 12 13 14 | 14.1
Invocations    | 1 2 3 4 5 6 7 8 9 10 11 12 13 14 15 16 17 | 17.5
Short Blades   | 1 2 3 4 5 6 7 8 9 10 11 12 13 14 15 16 | 16.2
Axes           | 1 2 3 4 5 6 7 8 9 10 11 12 13 14 15 16 | 16.2
Maces & Flails | 1 2 3 4 5 6 7 8 9 10 11 12 13 14 15 16 | 16.2
Polearms       | 1 2 3 4 5 6 7 8 9 10 11 12 13 14 15 16 | 16.2
Staves         | 1 2 3 4 5 6 7 8 9 10 11 12 13 14 15 16 | 16.2
Slings         | 1 2 3 4 5 6 7 8 9 10 11 12 13 14 15 16 | 16.2
Bows           | 1 2 3 4 5 6 7 8 9 10 11 12 13 14 15 16 | 16.2
Crossbows      | 1 2 3 4 5 6 7 8 9 10 11 12 13 14 15 16 | 16.2
Throwing       | 1 2 3 4 5 6 7 8 9 10 11 12 13 14 15 16 | 16.2
Armour         | 1 2 3 4 5 6 7 8 9 10 11 12 13 14 15 16 | 16.2
Shields        | 1 2 3 4 5 6 7 8 9 10 11 12 13 14 15 16 | 16.2
Unarmed Combat | 1 2 3 4 5 6 7 8 9 10 11 12 13 14 15 16 | 16.2
Spellcasting   | 1 2 3 4 5 6 7 8 9 10 11 12 13 14 15 16 | 16.2
Conjurations   | 1 2 3 4 5 6 7 8 9 10 11 12 13 14 | 14.0
Hexes          | 1 2 3 4 5 6 7 8 9 10 11 12 13 14 | 14.0
Charms         | 1 2 3 4 5 6 7 8 9 10 11 12 13 14 | 14.0
Summonings     | 1 2 3 4 5 6 7 8 9 10 11 12 13 14 | 14.0
Translocations | 1 2 3 4 5 6 7 8 9 10 11 12 13 14 | 14.0
Transmutations | 1 2 3 4 5 6 7 8 9 10 11 12 13 14 | 14.0
Fire Magic     | 1 2 3 4 5 6 7 8 9 10 11 12 13 14 | 14.0
Ice Magic      | 1 2 3 4 5 6 7 8 9 10 11 12 13 14 | 14.0
Earth Magic    | 1 2 3 4 5 6 7 8 9 10 11 12 13 14 | 14.0
Poison Magic   | 1 2 3 4 5 6 7 8 9 10 11 12 13 14 | 14.0
Dodging        | 3 4 5 6 7 8 9 10 11 12 13 14 15 16 17 18 | 18.3
Evocations     | 3 4 5 6 7 8 9 10 11 12 13 14 15 16 | 16.4
Air Magic      | 4 5 6 7 8 9 10 11 12 13 14 | 14.4
Stealth        | 3 4 5 6 7 8 9 10 11 12 13 14 15 16 | 16.4
Fighting       | 5 6 7 8 9 10 11 12 13 14 15 16 | 16.7
Long Blades    | 5 6 7 8 9 10 11 12 13 14 15 16 | 16.7

Action                   |  1- 3 |  4- 6 |  7- 9 | 10-12 | 13-15 | 16-18 | 19-21 | 22-24 | 25-27 || total
-------------------------+-------+-------+-------+-------+-------+-------+-------+-------+-------++-------
Melee: Spear             |    64 |   182 |    43 |       |       |       |       |       |       ||   289
       Dagger            |     5 |       |       |       |       |       |       |       |       ||     5
       Bite              |     5 |    13 |    23 |    76 |   203 |   283 |   243 |   340 |    30 ||  1216
       Punch             |     1 |     2 |     7 |    20 |    29 |       |       |       |       ||    59
       Mace              |       |       |   211 |   174 |       |       |       |       |       ||   385
       Dire flail        |       |       |       |   239 |       |    17 |       |       |       ||   256
       Scimitar          |       |       |       |   208 |   339 |       |       |       |       ||   547
       Quarterstaff      |       |       |       |       |   542 |   821 |       |       |       ||  1363
       Flail             |       |       |       |       |    59 |       |       |       |       ||    59
       Halberd           |       |       |       |       |     2 |   120 |       |       |       ||   122
       Double sword      |       |       |       |       |       |   422 |   984 |  1354 |   174 ||  2934
       Broad axe         |       |       |       |       |       |    43 |    88 |    29 |    29 ||   189
 Cast: Lee's Rapid Decon |       |       |       |     8 |    23 |    40 |       |       |       ||    71
       Petrify           |       |       |       |     1 |    15 |       |       |       |       ||    16
       Apportation       |       |       |       |       |     2 |       |       |       |       ||     2
       Summon Lightning  |       |       |       |       |    32 |    43 |     7 |       |       ||    82
       Corpse Rot        |       |       |       |       |     1 |       |       |       |       ||     1
       Alistair's Intoxi |       |       |       |       |       |    29 |       |       |       ||    29
       Freezing Cloud    |       |       |       |       |       |    35 |    37 |    14 |    11 ||    97
       Summon Butterflie |       |       |       |       |       |     7 |     1 |     8 |     6 ||    22
       Irradiate         |       |       |       |       |       |     3 |       |       |       ||     3
       Shock             |       |       |       |       |       |     1 |       |       |       ||     1
       Poison Arrow      |       |       |       |       |       |       |   106 |   120 |    47 ||   273
       Spectral Weapon   |       |       |       |       |       |       |    31 |    40 |     6 ||    77
       Regeneration      |       |       |       |       |       |       |    18 |    48 |    21 ||    87
       Sublimation of Bl |       |       |       |       |       |       |     4 |    28 |    24 ||    56
       Dispel Undead     |       |       |       |       |       |       |    10 |    31 |    16 ||    57
       Spellforged Servi |       |       |       |       |       |       |     6 |    17 |     2 ||    25
       Deflect Missiles  |       |       |       |       |       |       |       |     2 |     1 ||     3
       Summon Mana Viper |       |       |       |       |       |       |       |     2 |     1 ||     3
Invok: Heroism           |       |       |     2 |     6 |     9 |     6 |     3 |     4 |     3 ||    33
       Finesse           |       |       |       |       |     2 |     2 |     1 |     1 |     1 ||     7
 Abil: Evoke Berserk Rag |       |       |       |     1 |       |       |       |       |       ||     1
       Evoke Invisibilit |       |       |       |       |     3 |       |       |       |       ||     3
Evoke: Wand              |       |       |       |     9 |   128 |    12 |     8 |     9 |    10 ||   176
       Fan of gales      |       |       |       |     1 |       |       |       |       |       ||     1
       Sack of spiders   |       |       |       |       |     2 |       |     1 |       |       ||     3
       Phantom mirror    |       |       |       |       |     1 |       |       |       |       ||     1
  Use: Scroll            |       |    13 |    10 |     5 |    17 |    22 |    21 |    23 |     8 ||   119
       Potion            |       |       |     2 |     6 |    12 |     6 |    13 |     3 |     5 ||    47
 Stab: Sleeping          |     7 |       |     1 |     6 |     7 |    18 |    10 |     6 |       ||    55
       Distracted        |       |       |     1 |     1 |     9 |    16 |    18 |    23 |     3 ||    71
       Petrifying        |       |       |       |     1 |     4 |       |       |       |       ||     5
       Petrified         |       |       |       |     1 |    22 |       |       |       |       ||    23
       Paralysed         |       |       |       |       |     9 |       |       |       |       ||     9
       Invisible         |       |       |       |       |     4 |       |       |       |       ||     4
       Held in net/web   |       |       |       |       |     1 |       |       |       |       ||     1
       Confused          |       |       |       |       |       |     8 |       |       |       ||     8
  Eat: Chunk             |       |     2 |       |     8 |     8 |    19 |    26 |    17 |       ||    80
       Ration            |       |     1 |     6 |     4 |     7 |    10 |    11 |     9 |     3 ||    51
Armor: Robe              |    13 |    12 |       |       |       |       |       |       |       ||    25
       Scale mail        |       |    39 |       |       |       |       |       |       |       ||    39
       Ring mail         |       |    26 |   148 |   253 |   544 |    71 |       |       |       ||  1042
       Skin              |       |       |       |    80 |       |       |       |       |       ||    80
       Plate armour      |       |       |       |       |       |   359 |       |       |       ||   359
       Troll leather arm |       |       |       |       |       |     3 |       |       |       ||     3
       Acid dragon scale |       |       |       |       |       |   113 |   260 |   213 |       ||   586
       Fire dragon scale |       |       |       |       |       |       |       |   206 |   173 ||   379
Dodge: Dodged            |    25 |    95 |   162 |   517 |  1170 |   974 |   667 |  1060 |   295 ||  4965
       Deflected         |       |       |       |       |       |       |       |     3 |     6 ||     9
Block: Shield            |       |       |       |       |    46 |   302 |   790 |  1064 |   250 ||  2452
       Rpst.: Scimitar   |       |       |       |    50 |    98 |       |       |       |       ||   148
       Double sword      |       |       |       |       |       |    46 |   100 |   186 |    34 ||   366

Table legend:
 A = Non-vault XP
 B = Vault XP
 C = Vault XP percentage of total XP
 D = Non-vault monster count
 E = Vault monster count
 F = Vault count percentage of total count
                 A         B        C        D         E       F
            +---------+---------+-------+---------+---------+-------
      Total |  540732 |  535452 |  49.8 |    1157 |     957 |  45.3
            +---------+---------+-------+---------+---------+-------
        D:1 |      49 |       0 |   0.0 |      21 |       0 |   0.0
        D:2 |      41 |      69 |  62.7 |      13 |       6 |  31.6
        D:3 |     148 |       4 |   2.6 |      20 |       2 |   9.1
        D:4 |     284 |     186 |  39.6 |      13 |       4 |  23.5
        D:5 |     457 |     259 |  36.2 |       9 |       1 |  10.0
        D:6 |     550 |     223 |  28.8 |       8 |       1 |  11.1
        D:7 |    1680 |       0 |   0.0 |      30 |       0 |   0.0
        D:8 |    1250 |       0 |   0.0 |      22 |       0 |   0.0
        D:9 |    2110 |    1456 |  40.8 |      26 |      25 |  49.0
       D:10 |    4122 |     678 |  14.1 |      40 |      25 |  38.5
       D:11 |    2147 |    1972 |  47.9 |      20 |      15 |  42.9
       D:12 |    3735 |       0 |   0.0 |      20 |       0 |   0.0
       D:13 |    7712 |   11234 |  59.3 |      38 |      20 |  34.5
       D:14 |    4033 |   10243 |  71.7 |      23 |      32 |  58.2
       D:15 |    3209 |    8573 |  72.8 |      17 |      13 |  43.3
     Lair:1 |    3819 |    8481 |  69.0 |      21 |      46 |  68.7
     Lair:2 |    2368 |       0 |   0.0 |      11 |       0 |   0.0
     Lair:3 |    2776 |     866 |  23.8 |      10 |       9 |  47.4
     Lair:4 |    3361 |    4238 |  55.8 |      17 |      31 |  64.6
     Lair:5 |    6931 |     360 |   4.9 |      22 |       6 |  21.4
     Lair:6 |   15776 |   11821 |  42.8 |      63 |      48 |  43.2
   Shoals:1 |    5300 |    4263 |  44.6 |      14 |      10 |  41.7
   Shoals:2 |    6177 |       0 |   0.0 |      12 |       0 |   0.0
   Shoals:3 |     488 |       0 |   0.0 |       2 |       0 |   0.0
   Shoals:4 |    6096 |   16931 |  73.5 |      15 |      24 |  61.5
   Spider:1 |    6692 |       0 |   0.0 |      19 |       0 |   0.0
   Spider:2 |    4810 |       0 |   0.0 |      15 |       0 |   0.0
   Spider:3 |   17185 |      68 |   0.4 |      45 |       2 |   4.3
   Spider:4 |    6285 |   20539 |  76.6 |      20 |      47 |  70.1
      Orc:1 |    1298 |       0 |   0.0 |      20 |       0 |   0.0
      Orc:2 |       0 |   17350 | 100.0 |       0 |     146 | 100.0
      Elf:1 |     904 |    1746 |  65.9 |       1 |       3 |  75.0
   Vaults:1 |   21820 |   31525 |  59.1 |      53 |      62 |  53.9
   Vaults:2 |   16726 |   11967 |  41.7 |      28 |      19 |  40.4
   Vaults:3 |   47114 |   19855 |  29.6 |      79 |      37 |  31.9
   Vaults:4 |   29418 |   18199 |  38.2 |      44 |      22 |  33.3
   Vaults:5 |   29405 |  121530 |  80.5 |      51 |      90 |  63.8
   Depths:1 |   53094 |       0 |   0.0 |      77 |       0 |   0.0
   Depths:2 |   19883 |   41442 |  67.6 |      33 |      57 |  63.3
   Depths:3 |   17567 |   26830 |  60.4 |      32 |      23 |  41.8
   Depths:4 |     737 |  102575 |  99.3 |       3 |      92 |  96.8
   Depths:5 |   20508 |   19455 |  48.7 |      24 |      14 |  36.8
      Zot:1 |   12895 |       0 |   0.0 |       7 |       0 |   0.0
      Zot:2 |   56270 |       0 |   0.0 |      40 |       0 |   0.0
      Zot:3 |   42036 |       0 |   0.0 |      25 |       0 |   0.0
      Zot:4 |   12410 |       0 |   0.0 |       6 |       0 |   0.0
      Zot:5 |   39056 |   16104 |  29.2 |      28 |       6 |  17.6
     Bailey |       0 |    1546 | 100.0 |       0 |      16 | 100.0
   Gauntlet |       0 |    2864 | 100.0 |       0 |       3 | 100.0
            +---------+---------+-------+---------+---------+-------
